 Dungeon Crawl Stone Soup version 0.13.0-6-g40e4d2d (webtiles) character file.

75 MDvedh the Magician (level 2, 0/17 HPs)
             Began as a Mummy Wizard on Oct 14, 2013.
             Slain by a hobgoblin
             ... wielding a +0,+0 whip
              (5 damage)
             ... on Level 1 of the Dungeon.
             The game lasted 00:03:38 (1192 turns).

MDvedh the Magician (Mummy Wizard)                  Turns: 1192, Time: 00:03:39

HP   0/17        AC  2     Str 10      XL: 2   Next: 68%
MP   0/7         EV 12     Int 17      God:
Gold 53          SH  0     Dex 10      Spells:  3 memorised,  2 levels left

Res.Fire  : x . .   See Invis. : .   (no weapon)
Res.Cold  : + . .   Warding    : .   a - +0 robe
Life Prot.: + + +   Conserve   : .   (no shield)
Res.Poison: +       Res.Corr.  : .   b - +0 wizard hat
Res.Elec. : .       Clarity    : .   (no cloak)
Sust.Abil.: . .     Spirit.Shd : .   (no gloves)
Res.Mut.  : .       Stasis     : .   (no boots)
Res.Rott. : +       Flight     : .   (no amulet)
Saprovore : . . .                    (no ring)
                                     (no ring)

@: slightly resistant to hostile enchantments, unstealthy
A: no food or potions, fire vulnerability, restore body, cold resistance 1, life
protection 3, poison resistance, torment resistance, unbreathing
a: no special abilities


You were on level 1 of the Dungeon.
You were not hungry.

You visited 1 branch of the dungeon, and saw 1 of its levels.

You collected 33 gold pieces.

Inventory:

Armour
 a - a +0 robe (worn)
 b - a +0 wizard hat (worn)
Scrolls
 d - a scroll of noise {unknown}
 e - a scroll of random uselessness {unknown}
 f - a scroll of recharging {unknown}
Books
 c - a book of Minor Magic

   Spells                             Type                      Level
   *Magic Dart                        Conjuration                  1
   *Blink                             Translocation                2
   *Call Imp                          Summoning                    2
   Repel Missiles                     Charms/Air                   2
   Slow                               Hexes                        2
   Conjure Flame                      Conjuration/Fire             3
   Mephitic Cloud                     Conjuration/Poison/Air       3


   Skills:
 - Level 1.5 Dodging
 - Level 1.5 Stealth
 - Level 3.0 Spellcasting
 - Level 1.7 Conjurations
 + Level 1.5 Summonings
 - Level 0.7 Translocations


You had 2 spell levels left.
You knew the following spells:

 Your Spells              Type           Power        Failure   Level  Hunger
a - Magic Dart            Conj           #...         12%         1    N/A
b - Blink                 Tloc           N/A          24%         2    N/A
c - Call Imp              Summ           #.........   17%         2    N/A

Dungeon Overview and Level Annotations

Branches:
Dungeon (1/27)

Altars:


Innate Abilities, Weirdness & Mutations

You do not eat or drink.
Your flesh is vulnerable to fire.
Your flesh is cold resistant.
You are immune to negative energy.
Your system is resistant to poisons.
You are immune to unholy pain and torment.
You can survive without breathing.


Message History

The hobgoblin is lightly wounded.
The bat hits you but does no damage. The hobgoblin hits you with a whip.
Casting: Magic Dart
Confirm with . or Enter, or press ? or * to list all spells.
Aiming: Magic Dart
Press: ? - help, Shift-Dir - straight line, f/p - hobgoblin
Aim: a hobgoblin, wielding a whip (lightly wounded)
The magic dart hits the hobgoblin.
The hobgoblin is lightly wounded.
The bat hits you but does no damage. The hobgoblin hits you with a whip.
* * * LOW HITPOINT WARNING * * *
Casting: Magic Dart
Confirm with . or Enter, or press ? or * to list all spells.
Aiming: Magic Dart
Press: ? - help, Shift-Dir - straight line, f/p - hobgoblin
Aim: a hobgoblin, wielding a whip (lightly wounded)
The magic dart hits the hobgoblin.
The hobgoblin is heavily wounded.
The bat barely misses you. The hobgoblin hits you with a whip.
You die...

########.# #....##..#.#.#
.....(...# ##.####..#.#.# ##
########.# ...# #....#.####. ###
#.# #..# #..#.#.##... ..# #.#
#..# #..#.#.##... ..# #.# ###..##
#..#.#.##... ..# #.#..##.....#
#..#.#.##### ..######.#......g..#
#..#.#.# ......##.#......@b.#
#..#.#.##### .........#........%#
#..#.#.##...
.........#..##..........#.#.##...
.........# #.)........#....'...
.).......# ####.####..#.#.##...
.......^.# .# #.#......
......##.# .# #....#...
......##.# .# #.#..#...
......##.# . #.#..#...


You could see a hobgoblin and a bat.

Vanquished Creatures
  A giant gecko (D:1)
  3 bats (D:1)
  3 goblins (D:1)
  5 hobgoblins (D:1)
  2 kobolds (D:1)
  3 giant newts (D:1)
  2 rats (D:1)
19 creatures vanquished.

Notes
Turn   | Place    | Note
--------------------------------------------------------------
     0 | D:1      | MDvedh, the Mummy Wizard, began the quest for the Orb.
     0 | D:1      | Reached XP level 1. HP: 11/11 MP: 5/5
    21 | D:1      | Reached skill level 1 in Conjurations
   524 | D:1      | Reached XP level 2. HP: 15/17 MP: 2/7
   585 | D:1      | Learned a level 2 spell: Blink
   588 | D:1      | Learned a level 2 spell: Call Imp
   723 | D:1      | Reached skill level 1 in Summonings
  1192 | D:1      | Slain by a hobgoblin

Action                   || total
-------------------------++-------
 Cast: Magic Dart        ||    54
